WCHLSIM.com - West Coast Hockey League
html PUBLIC "-//W3C//DTD XHTML 1.0 Transitional//EN" "http://www.w3.org/TR/xhtml1/DTD/xhtml1-transitional.dtd"> WCHL - Game 352 - VICTORIA GLADIATORS vs BOISE CARIBOUS

VICTORIA GLADIATORS vs BOISE CARIBOUS

Created - 1 décembre 2023 at 21:22

Goals
1 2 3 T
VICTORIA GLADIATORS 0 1 0 1
BOISE CARIBOUS 0 2 0 2
Shots
1 2 3 T
VICTORIA GLADIATORS 2 7 5 14
BOISE CARIBOUS 8 9 8 25

1st period

No Goal

Penalties :
Marcus Pettersson (BOI) for Goalie Interference (Minor) at 14:03

2nd period

1. VICTORIA GLADIATORS , Andre Burakovsky 5 (Brandon Montour 12, Jake Oettinger) at 1:47 (PP)
2. BOISE CARIBOUS , Vincent Trocheck 7 (Matt Duchene 7, Tim Stutzle 16) at 6:20
3. BOISE CARIBOUS , Rasmus Dahlin 3 (Vincent Trocheck 14, Tim Stutzle 17) at 15:09

Penalties :
Lawson Crouse (BOI) for Interference (Minor) at 1:14

3rd period

No Goal

Penalties :
Marcus Pettersson (BOI) for Tripping (Minor) at 8:31, Tyler Myers (VIC) for Goalie Interference (Minor) at 15:01

Goalie Stats

Jake Oettinger (VIC), 23 saves from 25 shots - (0,920), L, 12-8-0, 59:20 minutes
Ilya Sorokin (BOI), 13 saves from 14 shots - (0,929), W, 11-7-2, 60:00 minutes

Players Stats for VICTORIA GLADIATORS

Player Name              G  A  P  +/- PIM S  H  SB GA TA FO     MP     PP MP  PK MP  
------------------------------------------------------------------------------------
Adam Lowry               0  0  0   0  0   0  2  0  0  0  12/20  17:42   2:10   0:00 
Alex Iafallo             0  0  0   0  0   0  0  1  0  0  0/1    21:27   1:51   0:12 
Andre Burakovsky         1  0  1   0  0   2  0  0  0  0  1/1    21:06   1:42   0:00 
Barclay Goodrow          0  0  0  -1  0   1  0  0  0  0  0/0    15:12   0:00   1:11 
Brandon Montour          0  1  1  -1  0   2  3  2  0  0  0/0    24:03   2:51   0:50 
Brock McGinn             0  0  0  -1  0   0  0  0  0  0  1/1     6:55   2:10   0:12 
Chris Tanev              0  0  0   0  0   0  0  0  0  0  0/0    16:40   0:39   1:21 
Justin Holl              0  0  0  -1  0   1  1  1  0  0  0/0    19:40   0:00   0:18 
Kasperi Kapanen          0  0  0   0  0   1  0  0  0  0  1/1    17:42   2:10   0:00 
Mason Appleton           0  0  0  -1  0   0  0  0  0  0  2/7     5:09   0:00   0:36 
Matthew Nieto            0  0  0  -1  0   0  0  0  0  0  0/1    14:37   0:00   0:36 
Mikael Granlund          0  0  0   0  0   1  1  1  0  0  7/18   21:45   2:21   0:00 
Nick Foligno             0  0  0   0  0   1  2  0  0  0  0/0    17:53   2:21   0:00 
Niko Mikkola             0  0  0   0  0   0  0  2  0  0  0/0    15:49   0:00   1:09 
Noel Acciari             0  0  0  -1  0   1  0  0  0  0  5/13   15:42   0:30   1:11 
Torey Krug               0  0  0  -1  0   2  0  1  0  0  0/0    21:58   2:10   0:20 
Tyler Myers              0  0  0  -1  2   2  2  1  0  0  0/0    20:07   1:40   0:00 
Tyler Pitlick            0  0  0  -1  0   0  0  0  0  0  0/1     4:33   0:00   0:00 

Players Stats for BOISE CARIBOUS

Player Name              G  A  P  +/- PIM S  H  SB GA TA FO     MP     PP MP  PK MP  
------------------------------------------------------------------------------------
Artturi Lehkonen         0  0  0   0  0   1  0  0  0  0  1/1    17:12   1:07   0:00 
Charlie Coyle            0  0  0   0  0   2  0  0  0  0  3/10   15:39   0:00   2:54 
Dylan DeMelo             0  0  0   0  0   0  2  0  0  0  0/0    18:31   0:00   2:32 
Gabriel Vilardi          0  0  0   0  0   2  1  0  0  0  0/0    12:00   0:00   0:00 
Jean-Gabriel Pageau      0  0  0   0  0   1  4  0  0  0  13/23  20:02   0:52   2:20 
Jesperi Kotkaniemi       0  0  0   0  0   0  0  0  0  0  2/6     7:33   0:00   0:27 
Kaapo Kakko              0  0  0   0  0   0  1  0  0  0  0/0     7:06   0:00   0:00 
Kirill Marchenko         0  0  0   0  0   0  0  0  0  0  1/1     7:06   0:00   0:00 
Lawson Crouse            0  0  0   0  2   0  3  0  0  0  1/2    14:35   0:52   1:44 
Marcus Pettersson        0  0  0   1  4   0  1  0  0  0  0/0    18:39   0:00   0:00 
Matt Duchene             0  1  1   2  0   1  0  0  0  0  1/1    18:26   0:52   0:00 
Moritz Seider            0  0  0   1  0   1  1  0  0  0  0/0    22:17   0:52   1:59 
Nick Schmaltz            0  0  0   0  0   7  0  0  0  0  0/1    17:12   1:07   0:00 
Rasmus Andersson         0  0  0   1  0   0  0  0  0  0  0/0    20:29   0:52   1:32 
Rasmus Dahlin            1  0  1   1  0   2  1  3  0  0  0/0    22:56   1:07   2:59 
Tim Stutzle              0  2  2   2  0   3  2  0  0  0  0/2    19:26   1:07   0:00 
Troy Stecher             0  0  0   0  0   0  1  1  0  0  0/0    15:59   0:00   0:00 
Vincent Trocheck         1  1  2   2  0   5  0  0  0  0  13/17  20:18   1:07   1:37 

3 Stars

1 - Vincent Trocheck (BOI)
2 - Tim Stutzle (BOI)
3 - Rasmus Dahlin (BOI)

Power Play

VICTORIA GLADIATORS - 1 on 3 Attempt(s) - 33,33%
BOISE CARIBOUS - 0 on 1 Attempt(s) - 0,00%

Penalty Kill

VICTORIA GLADIATORS - 1 on 1 Attempt(s) - 100,00% - Score 0 goal in Penalty Kill
BOISE CARIBOUS - 2 on 3 Attempt(s) - 66,67% - Score 0 goal in Penalty Kill

Team Stat

VICTORIA GLADIATORS - Hits : 11 - Faceoff Wins : 29 - Blocked Shots : 9 - Penalty Minutes : 2
BOISE CARIBOUS - Hits : 17 - Faceoff Wins : 35 - Blocked Shots : 4 - Penalty Minutes : 6

Official

Referees : Corey Syvret and Michael Markovic
Linesman : Dennis Urban and Tony Sericolo

Game Notes

No Game Note

Finance

Level 1 -- Attendance: 6000 (100,00%) -- Ticket Income 912 000 $
Level 2 -- Attendance: 4355 (87,10%) -- Ticket Income 535 665 $
Level 3 -- Attendance: 2000 (100,00%) -- Ticket Income 184 000 $
Level 4 -- Attendance: 3449 (86,23%) -- Ticket Income 234 532 $
Luxury Box -- Attendance: 915 (91,50%) -- Ticket Income 256 200 $
Total Attendance: 16719 (92,88%)
Total Ticket Income: 2 122 397 $
Other Expense: 21 224 $
Total Income: 2 101 173 $

VICTORIA GLADIATORS

5 vs 5 Forward 
   Center                   Left Wing                Right Wing               Time % Phy DF OF 
 1 Mikael Granlund          Alex Iafallo             Andre Burakovsky         36     0   3  2  
 2 Adam Lowry               Nick Foligno             Kasperi Kapanen          33     0   3  2  
 3 Noel Acciari             Barclay Goodrow          Matthew Nieto            24     1   2  2  
 4 Mason Appleton           Brock McGinn             Tyler Pitlick            7      1   2  2  

5 vs 5 Defense 
   Defense                  Defense                                           Time % Phy DF OF 
 1 Brandon Montour          Torey Krug                                        40     0   3  2  
 2 Tyler Myers              Justin Holl                                       35     0   3  2  
 3 Chris Tanev              Niko Mikkola                                      25     0   3  2  
 4 Brandon Montour          Justin Holl                                       0      0   3  2  

PowerPlay Forward 
   Center                   Left Wing                Right Wing               Time % Phy DF OF 
 1 Mikael Granlund          Alex Iafallo             Nick Foligno             60     1   0  4  
 2 Adam Lowry               Brock McGinn             Kasperi Kapanen          40     1   0  4  

PowerPlay Defense
   Defense                  Defense                                           Time % Phy DF OF 
 1 Brandon Montour          Andre Burakovsky                                  60     0   1  4  
 2 Tyler Myers              Torey Krug                                        40     0   1  4  

Penalty Kill 4 Players Forward 
   Center                   Wing                     Time % Phy DF OF 
 1 Noel Acciari             Barclay Goodrow          60     0   5  0  
 2 Mason Appleton           Matthew Nieto            40     0   5  0  

Penalty Kill 4 Players Defense
   Defense                  Defense                  Time % Phy DF OF 
 1 Tyler Myers              Justin Holl              60     0   5  0  
 2 Chris Tanev              Niko Mikkola             40     0   5  0  

Penalty Kill - 3 Players Forward 
   Forward                                           Time % Phy DF OF 
 1 Noel Acciari                                      55     0   5  0  
 2 Barclay Goodrow                                   45     0   5  0  

Penalty Kill - 3 Players Defense
   Defense                  Defense                  Time % Phy DF OF 
 1 Tyler Myers              Justin Holl              55     0   5  0  
 2 Chris Tanev              Niko Mikkola             45     0   5  0  

4 vs 4 Forward 
   Center                   Wing                     Time % Phy DF OF 
 1 Mikael Granlund          Nick Foligno             52     1   2  2  
 2 Adam Lowry               Kasperi Kapanen          48     1   2  2  

4 vs 4 Defense
   Defense                  Defense                  Time % Phy DF OF 
 1 Brandon Montour          Torey Krug               52     1   2  2  
 2 Chris Tanev              Niko Mikkola             48     1   2  2  

Last Minutes Offensive
   Center                   Left Wing                Right Wing               Defense                  Defense                  
   Mikael Granlund          Alex Iafallo             Andre Burakovsky         Brandon Montour          Torey Krug               

Last Minutes Defensive
   Center                   Left Wing                Right Wing               Defense                  Defense                  
   Noel Acciari             Barclay Goodrow          Matthew Nieto            Tyler Myers              Justin Holl              

Goaltenders
Starting : Jake Oettinger           
Backup : Charlie Lindgren         

Extra Forwards
Normal : Alex Iafallo, Nick Foligno, Kasperi Kapanen - PP : Noel Acciari, Mason Appleton - PK : Brock McGinn
Extra Defensemen
Normal : Chris Tanev, Niko Mikkola, Torey Krug - PP : Chris Tanev - PK : Niko Mikkola, Tyler Myers
Penalty Shots
Mikael Granlund, Andre Burakovsky, Adam Lowry, Alex Iafallo, Barclay Goodrow
Custom OT Lines Forwards
Mikael Granlund, Andre Burakovsky, Adam Lowry, Alex Iafallo, Barclay Goodrow, Noel Acciari, Nick Foligno, Kasperi Kapanen, Matthew Nieto, Mason Appleton
Custom OT Lines Defensemen
Brandon Montour, Torey Krug, Tyler Myers, Justin Holl, Chris Tanev

Scratches
Juuso Parssinen (Right Hand Injury), Jan Rutta (Healthy)

BOISE CARIBOUS

5 vs 5 Forward 
   Center                   Left Wing                Right Wing               Time % Phy DF OF 
 1 Vincent Trocheck         Tim Stutzle              Matt Duchene             34     0   2  3  
 2 Jean-Gabriel Pageau      Artturi Lehkonen         Nick Schmaltz            32     1   2  2  
 3 Charlie Coyle            Lawson Crouse            Gabriel Vilardi          24     1   2  2  
 4 Jesperi Kotkaniemi       Kirill Marchenko         Kaapo Kakko              10     1   2  2  

5 vs 5 Defense 
   Defense                  Defense                                           Time % Phy DF OF 
 1 Rasmus Dahlin            Rasmus Andersson                                  36     1   2  2  
 2 Marcus Pettersson        Moritz Seider                                     36     1   2  2  
 3 Troy Stecher             Dylan DeMelo                                      28     1   3  1  
 4 Troy Stecher             Dylan DeMelo                                      0      0   5  0  

PowerPlay Forward 
   Center                   Left Wing                Right Wing               Time % Phy DF OF 
 1 Vincent Trocheck         Tim Stutzle              Nick Schmaltz            55     0   1  4  
 2 Jean-Gabriel Pageau      Lawson Crouse            Matt Duchene             45     0   1  4  

PowerPlay Defense
   Defense                  Defense                                           Time % Phy DF OF 
 1 Rasmus Dahlin            Artturi Lehkonen                                  55     0   1  4  
 2 Rasmus Andersson         Moritz Seider                                     45     0   2  3  

Penalty Kill 4 Players Forward 
   Center                   Wing                     Time % Phy DF OF 
 1 Jean-Gabriel Pageau      Charlie Coyle            55     0   4  1  
 2 Vincent Trocheck         Lawson Crouse            45     0   4  1  

Penalty Kill 4 Players Defense
   Defense                  Defense                  Time % Phy DF OF 
 1 Moritz Seider            Rasmus Andersson         55     1   4  0  
 2 Rasmus Dahlin            Dylan DeMelo             45     1   3  1  

Penalty Kill - 3 Players Forward 
   Forward                                           Time % Phy DF OF 
 1 Jesperi Kotkaniemi                                55     1   2  2  
 2 Kaapo Kakko                                       45     1   2  2  

Penalty Kill - 3 Players Defense
   Defense                  Defense                  Time % Phy DF OF 
 1 Marcus Pettersson        Troy Stecher             55     1   2  2  
 2 Rasmus Andersson         Moritz Seider            45     1   2  2  

4 vs 4 Forward 
   Center                   Wing                     Time % Phy DF OF 
 1 Jesperi Kotkaniemi       Tim Stutzle              55     1   2  2  
 2 Charlie Coyle            Gabriel Vilardi          45     1   2  2  

4 vs 4 Defense
   Defense                  Defense                  Time % Phy DF OF 
 1 Rasmus Dahlin            Rasmus Andersson         55     1   2  2  
 2 Dylan DeMelo             Marcus Pettersson        45     1   2  2  

Last Minutes Offensive
   Center                   Left Wing                Right Wing               Defense                  Defense                  
   Vincent Trocheck         Tim Stutzle              Artturi Lehkonen         Rasmus Dahlin            Rasmus Andersson         

Last Minutes Defensive
   Center                   Left Wing                Right Wing               Defense                  Defense                  
   Jean-Gabriel Pageau      Tim Stutzle              Charlie Coyle            Rasmus Dahlin            Moritz Seider            

Goaltenders
Starting : Ilya Sorokin             
Backup : Brian Elliott            

Extra Forwards
Normal : Matt Duchene, Gabriel Vilardi, Kirill Marchenko - PP : Kirill Marchenko, Tim Stutzle - PK : Lawson Crouse
Extra Defensemen
Normal : Dylan DeMelo, Troy Stecher, Moritz Seider - PP : Dylan DeMelo - PK : Troy Stecher, Marcus Pettersson
Penalty Shots
Tim Stutzle, Artturi Lehkonen, Vincent Trocheck, Nick Schmaltz, Matt Duchene
Custom OT Lines Forwards
Tim Stutzle, Artturi Lehkonen, Vincent Trocheck, Charlie Coyle, Kaapo Kakko, Nick Schmaltz, Matt Duchene, Lawson Crouse, Gabriel Vilardi, Jesperi Kotkaniemi
Custom OT Lines Defensemen
Rasmus Dahlin, Rasmus Andersson, Moritz Seider, Marcus Pettersson, Dylan DeMelo

Scratches
None


% Time on Ice - VICTORIA GLADIATORS

Lines # - Real PCT - Wanted PCT - Time Play
Normal Forward
1 - 35% - 36% - 18:25
2 - 30% - 33% - 15:32
3 - 27% - 24% - 14:01
4 - 9% - 7% - 4:33
Normal Defense
1 - 35% - 40% - 18:29
2 - 35% - 35% - 18:28
3 - 28% - 25% - 14:40
4 - 2% - 0% - 0:54
PP Forward
1 - 52% - 60% - 2:21
2 - 48% - 40% - 2:10
PP Defense
1 - 52% - 60% - 2:21
2 - 48% - 40% - 2:10
PK Forward
1 - 70% - 60% - 1:23
2 - 30% - 40% - 0:36
PK Defense
1 - 15% - 60% - 0:18
2 - 85% - 40% - 1:41
PK3 Forward
1 - 0% - 55%
2 - 0% - 45%
PK3 Defense
1 - 0% - 55%
2 - 0% - 45%
44 Forward
1 - 0% - 52%
2 - 0% - 48%
44 Defense
1 - 0% - 52%
2 - 0% - 48%
Last Minute Offensive  - 0:59
Last Minute Defensive  - 0:00
Total
Forward - 60:00
Defense - 60:00

% Time on Ice - BOISE CARIBOUS

Lines # - Real PCT - Wanted PCT - Time Play
Normal Forward
1 - 33% - 34% - 17:34
2 - 30% - 32% - 16:05
3 - 23% - 24% - 12:00
4 - 13% - 10% - 7:06
Normal Defense
1 - 34% - 36% - 18:05
2 - 35% - 36% - 18:41
3 - 28% - 28% - 14:37
4 - 3% - 0% - 1:22
PP Forward
1 - 56% - 55% - 1:07
2 - 44% - 45% - 0:52
PP Defense
1 - 56% - 55% - 1:07
2 - 44% - 45% - 0:52
PK Forward
1 - 64% - 55% - 2:54
2 - 36% - 45% - 1:37
PK Defense
1 - 34% - 55% - 1:32
2 - 66% - 45% - 2:59
PK3 Forward
1 - 0% - 55%
2 - 0% - 45%
PK3 Defense
1 - 0% - 55%
2 - 0% - 45%
44 Forward
1 - 0% - 55%
2 - 0% - 45%
44 Defense
1 - 0% - 55%
2 - 0% - 45%
Last Minute Offensive  - 0:00
Last Minute Defensive  - 0:45
Total
Forward - 60:00
Defense - 60:00

Play-by-Play

1st period


0:01 of 1st period - Vincent Trocheck wins face-off versus Mikael Granlund in neutral zone.
2:07 of 1st period - Chris Tanev is hit by Troy Stecher and loses puck.
2:40 of 1st period - Shot by Gabriel Vilardi.
2:40 of 1st period - Stopped by Jake Oettinger without a rebound.
2:41 of 1st period - Jesperi Kotkaniemi wins face-off versus Mikael Granlund in VICTORIA GLADIATORS zone.
3:47 of 1st period - Icing by Tim Stutzle.
3:48 of 1st period - Vincent Trocheck wins face-off versus Adam Lowry in BOISE CARIBOUS zone.
3:56 of 1st period - Shot by Vincent Trocheck.
3:56 of 1st period - Stopped by Jake Oettinger without a rebound.
3:57 of 1st period - Jean-Gabriel Pageau wins face-off versus Noel Acciari in VICTORIA GLADIATORS zone.
4:18 of 1st period - Shot by Artturi Lehkonen.
4:18 of 1st period - Deflect By Nick Schmaltz.
4:18 of 1st period - Stopped by Jake Oettinger without a rebound.
4:19 of 1st period - Adam Lowry wins face-off versus Charlie Coyle in VICTORIA GLADIATORS zone.
4:19 of 1st period - Adam Lowry is hit by Lawson Crouse.
4:26 of 1st period - Kasperi Kapanen is hit by Marcus Pettersson and loses puck.
4:42 of 1st period - Kasperi Kapanen is hit by Moritz Seider and loses puck.
4:54 of 1st period - Off-side.
4:55 of 1st period - Vincent Trocheck wins face-off versus Mason Appleton in neutral zone.
5:15 of 1st period - Icing by Justin Holl.
5:16 of 1st period - Mason Appleton wins face-off versus Jean-Gabriel Pageau in VICTORIA GLADIATORS zone.
5:16 of 1st period - Mason Appleton is hit by Jean-Gabriel Pageau.
6:24 of 1st period - Shot by Torey Krug.
6:24 of 1st period - Shot Blocked by Rasmus Dahlin.
6:37 of 1st period - Icing by Rasmus Dahlin.
6:38 of 1st period - Adam Lowry wins face-off versus Jean-Gabriel Pageau in BOISE CARIBOUS zone.
7:13 of 1st period - Shot by Tim Stutzle.
7:13 of 1st period - Stopped by Jake Oettinger without a rebound.
7:14 of 1st period - Charlie Coyle wins face-off versus Mikael Granlund in VICTORIA GLADIATORS zone.
7:35 of 1st period - Shot by Charlie Coyle.
7:35 of 1st period - Shot Misses the Net.
7:37 of 1st period - Shot by Charlie Coyle.
7:37 of 1st period - Stopped by Jake Oettinger without a rebound.
7:38 of 1st period - Vincent Trocheck wins face-off versus Noel Acciari in VICTORIA GLADIATORS zone.
7:59 of 1st period - Shot by Vincent Trocheck.
7:59 of 1st period - Stopped by Jake Oettinger with a rebound.
11:00 of 1st period - Shot by Noel Acciari.
11:00 of 1st period - Stopped by Ilya Sorokin without a rebound.
11:01 of 1st period - Andre Burakovsky wins face-off versus Jean-Gabriel Pageau in BOISE CARIBOUS zone.
11:17 of 1st period - Icing by Rasmus Dahlin.
11:18 of 1st period - Jean-Gabriel Pageau wins face-off versus Adam Lowry in BOISE CARIBOUS zone.
11:26 of 1st period - Icing by Niko Mikkola.
11:27 of 1st period - Adam Lowry wins face-off versus Jesperi Kotkaniemi in VICTORIA GLADIATORS zone.
13:13 of 1st period - Shot by Andre Burakovsky.
13:13 of 1st period - Shot Misses the Net.
14:03 of 1st period - Minor Penalty to Marcus Pettersson for Goalie Interference.
14:04 of 1st period - Lawson Crouse wins face-off versus Adam Lowry in BOISE CARIBOUS zone.
14:10 of 1st period - Icing by Adam Lowry.
14:11 of 1st period - Jean-Gabriel Pageau wins face-off versus Adam Lowry in VICTORIA GLADIATORS zone.
15:21 of 1st period - Shot by Mikael Granlund.
15:21 of 1st period - Shot Misses the Net.
15:23 of 1st period - Shot by Tyler Myers.
15:23 of 1st period - Stopped by Ilya Sorokin without a rebound.
15:24 of 1st period - Mikael Granlund wins face-off versus Vincent Trocheck in BOISE CARIBOUS zone.
15:28 of 1st period - Shot by Tyler Myers.
15:28 of 1st period - Shot Blocked by Rasmus Dahlin.
16:25 of 1st period - Shot by Jesperi Kotkaniemi.
16:25 of 1st period - Shot Misses the Net.
16:27 of 1st period - Shot by Moritz Seider.
16:27 of 1st period - Stopped by Jake Oettinger without a rebound.
16:28 of 1st period - Jean-Gabriel Pageau wins face-off versus Mason Appleton in VICTORIA GLADIATORS zone.
16:55 of 1st period - Shot by Artturi Lehkonen.
16:55 of 1st period - Shot Blocked by Justin Holl.
17:43 of 1st period - Shot by Vincent Trocheck.
17:43 of 1st period - Shot Misses the Net.
17:45 of 1st period - Shot by Vincent Trocheck.
17:45 of 1st period - Shot Blocked by Niko Mikkola.
18:22 of 1st period - Icing by Torey Krug.
18:23 of 1st period - Mikael Granlund wins face-off versus Jean-Gabriel Pageau in VICTORIA GLADIATORS zone.
18:28 of 1st period - Alex Iafallo is hit by Jean-Gabriel Pageau and loses puck.
18:33 of 1st period - Shot by Jean-Gabriel Pageau.
18:33 of 1st period - Shot Blocked by Alex Iafallo.
18:35 of 1st period - Shot by Nick Schmaltz.
18:35 of 1st period - Stopped by Jake Oettinger with a rebound.
19:35 of 1st period - Justin Holl is hit by Tim Stutzle and loses puck.
Goals for this period are 0 for VICTORIA GLADIATORS vs 0 for BOISE CARIBOUS.
Shots for this period are 2 for VICTORIA GLADIATORS vs 8 for BOISE CARIBOUS.

2nd period


0:01 of 2nd period - Mikael Granlund wins face-off versus Charlie Coyle in neutral zone.
0:06 of 2nd period - Shot by Andre Burakovsky.
0:06 of 2nd period - Stopped by Ilya Sorokin without a rebound.
0:07 of 2nd period - Vincent Trocheck wins face-off versus Mikael Granlund in BOISE CARIBOUS zone.
0:37 of 2nd period - Icing by Vincent Trocheck.
0:38 of 2nd period - Vincent Trocheck wins face-off versus Adam Lowry in BOISE CARIBOUS zone.
1:14 of 2nd period - Minor Penalty to Lawson Crouse for Interference.
1:15 of 2nd period - Mikael Granlund wins face-off versus Jean-Gabriel Pageau in BOISE CARIBOUS zone.
1:20 of 2nd period - Shot by Brandon Montour.
1:20 of 2nd period - Stopped by Ilya Sorokin without a rebound.
1:21 of 2nd period - Jean-Gabriel Pageau wins face-off versus Mikael Granlund in BOISE CARIBOUS zone.
1:21 of 2nd period - Jean-Gabriel Pageau is hit by Nick Foligno.
1:47 of 2nd period - Shot by Andre Burakovsky.
1:47 of 2nd period - Goal by Andre Burakovsky - VICTORIA GLADIATORS : 1 - BOISE CARIBOUS : 0.
1:48 of 2nd period - Noel Acciari wins face-off versus Jesperi Kotkaniemi in neutral zone.
2:17 of 2nd period - Icing by Justin Holl.
2:18 of 2nd period - Noel Acciari wins face-off versus Charlie Coyle in VICTORIA GLADIATORS zone.
2:34 of 2nd period - Icing by Tyler Myers.
2:35 of 2nd period - Vincent Trocheck wins face-off versus Noel Acciari in VICTORIA GLADIATORS zone.
3:09 of 2nd period - Icing by Marcus Pettersson.
3:10 of 2nd period - Vincent Trocheck wins face-off versus Adam Lowry in BOISE CARIBOUS zone.
3:46 of 2nd period - Icing by Chris Tanev.
3:47 of 2nd period - Adam Lowry wins face-off versus Charlie Coyle in VICTORIA GLADIATORS zone.
5:48 of 2nd period - Off-side.
5:49 of 2nd period - Vincent Trocheck wins face-off versus Mason Appleton in neutral zone.
6:20 of 2nd period - Shot by Vincent Trocheck.
6:20 of 2nd period - Goal by Vincent Trocheck - VICTORIA GLADIATORS : 1 - BOISE CARIBOUS : 1.
6:21 of 2nd period - Noel Acciari wins face-off versus Jesperi Kotkaniemi in neutral zone.
6:33 of 2nd period - Rasmus Dahlin is hit by Brandon Montour and loses puck.
6:46 of 2nd period - Shot by Barclay Goodrow.
6:46 of 2nd period - Shot Hit the Post.
7:22 of 2nd period - Shot by Alex Iafallo.
7:22 of 2nd period - Deflect By Andre Burakovsky.
7:22 of 2nd period - Shot Misses the Net.
7:36 of 2nd period - Shot by Andre Burakovsky.
7:36 of 2nd period - Shot Misses the Net.
7:38 of 2nd period - Shot by Justin Holl.
7:38 of 2nd period - Stopped by Ilya Sorokin without a rebound.
7:39 of 2nd period - Kasperi Kapanen wins face-off versus Charlie Coyle in BOISE CARIBOUS zone.
7:50 of 2nd period - Niko Mikkola is hit by Lawson Crouse.
8:10 of 2nd period - Shot by Lawson Crouse.
8:10 of 2nd period - Shot Blocked by Niko Mikkola.
8:21 of 2nd period - Icing by Chris Tanev.
8:22 of 2nd period - Adam Lowry wins face-off versus Jean-Gabriel Pageau in VICTORIA GLADIATORS zone.
8:22 of 2nd period - Kasperi Kapanen is hit by Jean-Gabriel Pageau and loses puck.
8:59 of 2nd period - Shot by Brandon Montour.
8:59 of 2nd period - Stopped by Ilya Sorokin without a rebound.
9:00 of 2nd period - Matt Duchene wins face-off versus Noel Acciari in BOISE CARIBOUS zone.
9:43 of 2nd period - Icing by Matthew Nieto.
9:44 of 2nd period - Jean-Gabriel Pageau wins face-off versus Noel Acciari in VICTORIA GLADIATORS zone.
9:53 of 2nd period - Shot by Nick Schmaltz.
9:53 of 2nd period - Shot Misses the Net.
10:01 of 2nd period - Shot by Nick Schmaltz.
10:01 of 2nd period - Stopped by Jake Oettinger without a rebound.
10:02 of 2nd period - Charlie Coyle wins face-off versus Mikael Granlund in VICTORIA GLADIATORS zone.
10:49 of 2nd period - Icing by Charlie Coyle.
10:50 of 2nd period - Adam Lowry wins face-off versus Charlie Coyle in BOISE CARIBOUS zone.
10:58 of 2nd period - Adam Lowry is hit by Dylan DeMelo and loses puck.
11:15 of 2nd period - Nick Foligno is hit by Gabriel Vilardi and loses puck.
11:50 of 2nd period - Shot by Vincent Trocheck.
11:50 of 2nd period - Stopped by Jake Oettinger without a rebound.
11:51 of 2nd period - Jean-Gabriel Pageau wins face-off versus Mikael Granlund in VICTORIA GLADIATORS zone.
13:42 of 2nd period - Shot by Vincent Trocheck.
13:42 of 2nd period - Stopped by Jake Oettinger without a rebound.
13:43 of 2nd period - Adam Lowry wins face-off versus Lawson Crouse in VICTORIA GLADIATORS zone.
13:43 of 2nd period - Adam Lowry is hit by Lawson Crouse.
14:36 of 2nd period - Moritz Seider is hit by Adam Lowry and loses puck.
14:59 of 2nd period - Shot by Mikael Granlund.
14:59 of 2nd period - Stopped by Ilya Sorokin without a rebound.
15:00 of 2nd period - Vincent Trocheck wins face-off versus Noel Acciari in BOISE CARIBOUS zone.
15:07 of 2nd period - Shot by Vincent Trocheck.
15:07 of 2nd period - Shot Blocked by Brandon Montour.
15:09 of 2nd period - Shot by Rasmus Dahlin.
15:09 of 2nd period - Goal by Rasmus Dahlin - VICTORIA GLADIATORS : 1 - BOISE CARIBOUS : 2.
15:10 of 2nd period - Mikael Granlund wins face-off versus Nick Schmaltz in neutral zone.
15:47 of 2nd period - Shot by Artturi Lehkonen.
15:47 of 2nd period - Shot Misses the Net.
15:49 of 2nd period - Shot by Jean-Gabriel Pageau.
15:49 of 2nd period - Stopped by Jake Oettinger without a rebound.
15:50 of 2nd period - Vincent Trocheck wins face-off versus Matthew Nieto in VICTORIA GLADIATORS zone.
16:39 of 2nd period - Tim Stutzle is hit by Tyler Myers and loses puck.
16:50 of 2nd period - Shot by Rasmus Dahlin.
16:50 of 2nd period - Stopped by Jake Oettinger with a rebound.
17:55 of 2nd period - Icing by Mikael Granlund.
17:56 of 2nd period - Jean-Gabriel Pageau wins face-off versus Mikael Granlund in VICTORIA GLADIATORS zone.
17:59 of 2nd period - Shot by Nick Schmaltz.
17:59 of 2nd period - Shot Misses the Net.
18:01 of 2nd period - Shot by Dylan DeMelo.
18:01 of 2nd period - Shot Blocked by Mikael Granlund.
19:23 of 2nd period - Vincent Trocheck is hit by Brandon Montour.
19:25 of 2nd period - Shot by Tim Stutzle.
19:25 of 2nd period - Stopped by Jake Oettinger without a rebound.
19:26 of 2nd period - Adam Lowry wins face-off versus Jesperi Kotkaniemi in VICTORIA GLADIATORS zone.
19:26 of 2nd period - Kasperi Kapanen is hit by Kaapo Kakko and loses puck.
19:33 of 2nd period - Rasmus Andersson is hit by Nick Foligno and loses puck.
19:38 of 2nd period - Shot by Nick Foligno.
19:38 of 2nd period - Shot Misses the Net.
19:40 of 2nd period - Shot by Kasperi Kapanen.
19:40 of 2nd period - Stopped by Ilya Sorokin without a rebound.
19:41 of 2nd period - Charlie Coyle wins face-off versus Tyler Pitlick in BOISE CARIBOUS zone.
19:48 of 2nd period - Shot by Rasmus Andersson.
19:48 of 2nd period - Deflect By Gabriel Vilardi.
19:48 of 2nd period - Stopped by Jake Oettinger without a rebound.
19:49 of 2nd period - Adam Lowry wins face-off versus Vincent Trocheck in VICTORIA GLADIATORS zone.
Goals for this period are 1 for VICTORIA GLADIATORS vs 2 for BOISE CARIBOUS.
Shots for this period are 7 for VICTORIA GLADIATORS vs 9 for BOISE CARIBOUS.

3rd period


0:01 of 3rd period - Adam Lowry wins face-off versus Jean-Gabriel Pageau in neutral zone.
0:01 of 3rd period - Kasperi Kapanen is hit by Jean-Gabriel Pageau and loses puck.
0:16 of 3rd period - Shot by Artturi Lehkonen.
0:16 of 3rd period - Stopped by Jake Oettinger without a rebound.
0:17 of 3rd period - Mikael Granlund wins face-off versus Vincent Trocheck in VICTORIA GLADIATORS zone.
0:22 of 3rd period - Shot by Alex Iafallo.
0:22 of 3rd period - Deflect By Mikael Granlund.
0:22 of 3rd period - Shot Misses the Net.
0:24 of 3rd period - Shot by Mikael Granlund.
0:24 of 3rd period - Shot Blocked by Rasmus Dahlin.
0:26 of 3rd period - Shot by Mikael Granlund.
0:26 of 3rd period - Shot Misses the Net.
0:42 of 3rd period - Shot by Mikael Granlund.
0:42 of 3rd period - Shot Misses the Net.
1:32 of 3rd period - Icing by Marcus Pettersson.
1:33 of 3rd period - Jean-Gabriel Pageau wins face-off versus Mason Appleton in BOISE CARIBOUS zone.
1:49 of 3rd period - Shot by Nick Schmaltz.
1:49 of 3rd period - Shot Misses the Net.
2:16 of 3rd period - Shot by Nick Schmaltz.
2:16 of 3rd period - Stopped by Jake Oettinger with a rebound.
2:25 of 3rd period - Icing by Chris Tanev.
2:26 of 3rd period - Mason Appleton wins face-off versus Charlie Coyle in VICTORIA GLADIATORS zone.
3:38 of 3rd period - Rasmus Andersson is hit by Mikael Granlund and loses puck.
3:51 of 3rd period - Shot by Matt Duchene.
3:51 of 3rd period - Shot Blocked by Tyler Myers.
4:52 of 3rd period - Shot by Nick Schmaltz.
4:52 of 3rd period - Shot Misses the Net.
4:57 of 3rd period - Icing by Matthew Nieto.
4:58 of 3rd period - Jesperi Kotkaniemi wins face-off versus Noel Acciari in VICTORIA GLADIATORS zone.
6:24 of 3rd period - Shot by Artturi Lehkonen.
6:24 of 3rd period - Shot Misses the Net.
7:33 of 3rd period - Vincent Trocheck is hit by Justin Holl and loses puck.
8:13 of 3rd period - Icing by Justin Holl.
8:14 of 3rd period - Kirill Marchenko wins face-off versus Alex Iafallo in VICTORIA GLADIATORS zone.
8:31 of 3rd period - Shot by Barclay Goodrow.
8:31 of 3rd period - Stopped by Ilya Sorokin without a rebound.
8:31 of 3rd period - Minor Penalty to Marcus Pettersson for Tripping.
8:32 of 3rd period - Adam Lowry wins face-off versus Jean-Gabriel Pageau in BOISE CARIBOUS zone.
8:32 of 3rd period - Adam Lowry is hit by Rasmus Dahlin.
8:37 of 3rd period - Brock McGinn is hit by Dylan DeMelo and loses puck.
9:34 of 3rd period - Shot by Mikael Granlund.
9:34 of 3rd period - Deflect By Nick Foligno.
9:34 of 3rd period - Shot Misses the Net.
9:40 of 3rd period - Shot by Torey Krug.
9:40 of 3rd period - Stopped by Ilya Sorokin without a rebound.
9:41 of 3rd period - Brock McGinn wins face-off versus Jean-Gabriel Pageau in BOISE CARIBOUS zone.
9:42 of 3rd period - Shot by Torey Krug.
9:42 of 3rd period - Stopped by Ilya Sorokin without a rebound.
9:43 of 3rd period - Jean-Gabriel Pageau wins face-off versus Adam Lowry in BOISE CARIBOUS zone.
9:43 of 3rd period - Jean-Gabriel Pageau is hit by Adam Lowry.
11:27 of 3rd period - Chris Tanev is hit by Tim Stutzle and loses puck.
12:02 of 3rd period - Shot by Tim Stutzle.
12:02 of 3rd period - Stopped by Jake Oettinger without a rebound.
12:03 of 3rd period - Jean-Gabriel Pageau wins face-off versus Mikael Granlund in VICTORIA GLADIATORS zone.
12:10 of 3rd period - Shot by Nick Schmaltz.
12:10 of 3rd period - Stopped by Jake Oettinger without a rebound.
12:11 of 3rd period - Artturi Lehkonen wins face-off versus Mikael Granlund in VICTORIA GLADIATORS zone.
12:11 of 3rd period - Rasmus Dahlin is hit by Brandon Montour.
12:36 of 3rd period - Shot by Nick Schmaltz.
12:36 of 3rd period - Shot Misses the Net.
13:24 of 3rd period - Shot by Charlie Coyle.
13:24 of 3rd period - Stopped by Jake Oettinger without a rebound.
13:25 of 3rd period - Adam Lowry wins face-off versus Vincent Trocheck in VICTORIA GLADIATORS zone.
13:32 of 3rd period - Shot by Kasperi Kapanen.
13:32 of 3rd period - Shot Blocked by Troy Stecher.
14:20 of 3rd period - Shot by Charlie Coyle.
14:20 of 3rd period - Shot Misses the Net.
14:53 of 3rd period - Charlie Coyle is hit by Tyler Myers and loses puck.
14:58 of 3rd period - Shot by Gabriel Vilardi.
14:58 of 3rd period - Shot Misses the Net.
15:00 of 3rd period - Shot by Lawson Crouse.
15:00 of 3rd period - Shot Misses the Net.
15:01 of 3rd period - Minor Penalty to Tyler Myers for Goalie Interference.
15:02 of 3rd period - Noel Acciari wins face-off versus Tim Stutzle in VICTORIA GLADIATORS zone.
16:08 of 3rd period - Shot by Moritz Seider.
16:08 of 3rd period - Shot Hit the Post.
16:26 of 3rd period - Shot by Matt Duchene.
16:26 of 3rd period - Stopped by Jake Oettinger without a rebound.
16:27 of 3rd period - Vincent Trocheck wins face-off versus Noel Acciari in VICTORIA GLADIATORS zone.
16:40 of 3rd period - Shot by Rasmus Dahlin.
16:40 of 3rd period - Shot Misses the Net.
16:42 of 3rd period - Shot by Tim Stutzle.
16:42 of 3rd period - Shot Blocked by Brandon Montour.
16:44 of 3rd period - Shot by Nick Schmaltz.
16:44 of 3rd period - Stopped by Jake Oettinger without a rebound.
16:45 of 3rd period - Jean-Gabriel Pageau wins face-off versus Mason Appleton in VICTORIA GLADIATORS zone.
17:07 of 3rd period - Shot by Kaapo Kakko.
17:07 of 3rd period - Shot Blocked by Torey Krug.
18:09 of 3rd period - Shot by Nick Schmaltz.
18:09 of 3rd period - Stopped by Jake Oettinger without a rebound.
18:10 of 3rd period - Vincent Trocheck wins face-off versus Adam Lowry in VICTORIA GLADIATORS zone.
18:37 of 3rd period - Shot by Adam Lowry.
18:37 of 3rd period - Deflect By Nick Foligno.
18:37 of 3rd period - Stopped by Ilya Sorokin with a rebound.
18:39 of 3rd period - Shot by Adam Lowry.
18:39 of 3rd period - Shot Misses the Net.
18:41 of 3rd period - Shot by Tyler Myers.
18:41 of 3rd period - Stopped by Ilya Sorokin without a rebound.
18:42 of 3rd period - Noel Acciari wins face-off versus Jean-Gabriel Pageau in BOISE CARIBOUS zone.
19:00 of 3rd period - Icing by Artturi Lehkonen.
19:01 of 3rd period - Jean-Gabriel Pageau wins face-off versus Mikael Granlund in BOISE CARIBOUS zone.
19:14 of 3rd period - Off-side.
19:15 of 3rd period - Mikael Granlund wins face-off versus Tim Stutzle in neutral zone.
19:20 of 3rd period - VICTORIA GLADIATORS, Jake Oettinger is pulled from the net.
Goals for this period are 0 for VICTORIA GLADIATORS vs 0 for BOISE CARIBOUS.
Shots for this period are 5 for VICTORIA GLADIATORS vs 8 for BOISE CARIBOUS.


BLAKE
WHEELER
STEVEN
STAMKOS
DREW
DOUGHTY

EAST COAST

HOCKEY LEAGUE

  • 63.RHI2PIT5
  • 64.WOR4ATL3
  • 65.QUECHW
  • 66.CHATRV